AoeStats
← maneki_meko

Arabia

510510078Analyzed
1v1 RM · 2d ago on Oct 1, 2026· 28m 3s· 2 players
Game mode
Random Map
Map size
Tiny (2 player)
Population
200
Speed
Normal
Resources
Standard
Victory
Conquest
Starting age
Dark Age
Ending age
Imperial Age
RankedLock teamsTeams togetherTeam positionsShared explorationLock speedFull tech treeHidden civsTurbo modeCheats
Victory
Defeat
🇨🇦 Slavs · Canada
475
+14
🇮🇹 Bohemians · Italy
421
-14
maneki_meko
12:09 Feudal Age
17:48 Castle Age
18:37 Wheelbarrow
18:22 Double-Bit Axe
18:20 Horse Collar
21:13 Light Cavalry
22:06 Bloodlines
22:24 Scale Barding Armor
22:27 Husbandry
24:19 Chain Barding Armor
Ragnar
14:36 Feudal Age
16:30 Wheelbarrow
Connection lost

Rejoining the realm…

Still unreachable

The connection could not be restored.

Session expired

The server has moved on; the page needs a fresh start.